 Dungeon Crawl Stone Soup version 0.30.0-29-ga12c61a403 (webtiles) character file.

Game seed: 2784585238287403264

4 explorer the Magician (level 1, 0/15 HPs)
             Began as a Djinni Fire Elementalist on June 15, 2023.
             Slain by a ball python (2 damage)
             ... on level 1 of the Dungeon.
             The game lasted 00:00:49 (94 turns).

explorer the Magician (Djinni Fire Elementalist)      Turns: 94, Time: 00:00:49

Health: 0/15       AC:  2    Str:  7    XL:     1   Next: 77%
Gold:   10         EV: 12    Int: 16    God:
                   SH:  0    Dex: 13

rFire   + + .        b - +0 dagger
rCold   x . .        (no shield)
rNeg    . . .        a - +0 robe
rPois   ∞            (no helmet)
rElec   .            (no cloak)
rCorr   .            (no gloves)
SInv    .            (boots unavailable)
Will    .....        (no amulet)
Stlth   ++           (no ring)
HPRegen 0.22/turn    (no ring)
MPRegen 0.00/turn

%: infuse magic (-1 HP)
@: flying
A: sickness immunity, fire resistance 2, cold vulnerability 1, float, innate
caster, HP casting, extra vitality 1
a: no special abilities


You were on level 1 of the Dungeon.
You visited 1 branch of the dungeon, and saw 1 of its levels.

You collected 10 gold pieces.

Inventory:

Hand Weapons
 b - a +0 dagger (weapon)
Armour
 a - a +0 robe (worn)


   Skills:
 + Level 2.2 Dodging
 + Level 1.5 Stealth
 + Level 2.6 Spellcasting


You knew the following spells:

 Your Spells              Type           Power      Damage    Failure   Level
a - Foxfire               Conj/Fire      40%        2x1d6     6%          1
b - Scorch                Fire           20%        2d6       10%         2
c - Volatile Blastmotes   Fire/Tloc      20%        2d11      19%         3
d - Inner Flame           Hex/Fire       10%        N/A       19%         3
e - Flame Wave            Conj/Fire      10%        2d6       54%         4
Your spell library was empty.

Dungeon Overview and Level Annotations

Branches:
Dungeon (1/15)

Altars:


Innate Abilities, Weirdness & Mutations

You are immune to sickness and miasma.
You are immune to poison.
Your flesh is very heat resistant. (rF++)
You are vulnerable to cold. (rC-)
You float through the air rather than walking.
You learn spells naturally, not from books.
Your magical power is your life essence.
You have superior vitality. (+4 MHP)


Message History

The ball python attacks as you move away!
The ball python barely misses you.
The ball python attacks as you move away!
The ball python misses you. The ball python closely misses you.
You see here a ball python corpse.
The ball python attacks as you move away!
The ball python misses you. The ball python barely misses you.
You closely miss the ball python. The ball python barely misses you.
The ball python closely misses you.
You barely miss the ball python. The ball python barely misses you. x2
The ball python closely misses you. The ball python grabs you.
The ball python constricts you.
Your magical contamination has completely faded away.
You barely miss the ball python. The ball python bites you.
The ball python constricts you.
You closely miss the ball python. The ball python bites you.
The ball python constricts you.
You hit the ball python.
The ball python is severely wounded.
The ball python barely misses you. The ball python constricts you.
You barely miss the ball python.
The ball python is severely wounded.
The ball python barely misses you. The ball python constricts you.
* * * LOW HITPOINT WARNING * * *
You escape the ball python's grasp.
Casting: Foxfire (safe; 6% risk of failure)
Confirm with . or Enter, or press ? or * to list all spells.
You conjure some foxfire!
* * * LOW HITPOINT WARNING * * *
The ball python bites you.
* * * LOW HITPOINT WARNING * * *
The ball python grabs you. The ball python constricts you.
You escape the ball python's grasp.
Your foxfire dissipates!
The ball python barely misses you. The ball python grabs you.
The ball python constricts you.
You escape the ball python's grasp.
The ball python attacks as you move away!
The ball python bites you.
You die...

#.......##.#.#....# ##.
#..####.##.#....#.#....
#..####.##.#........#
#.....#.#..#.#...>.#
##.##.#.#.##.##.#.##
#.##.#......##.# #
#.##......####†#
#.######..####S#
#......#.....@.#
#.####.#.####### #.#
#.. #.# #.. #.# ##. ##
#.# .# .###.# .....#
....##


You could see a ball python.

Vanquished Creatures
  A ball python (D:1)
  An endoplasm (D:1)
  A goblin (D:1)
  A frilled lizard (D:1)
4 creatures vanquished.

Vanquished Creatures (others)
  2 foxfires (D:1)
2 creatures vanquished.

Grand Total: 6 creatures vanquished

Notes
Turn   | Place    | Note
-------+----------+-------------------------------------------
     0 | D:1      | explorer the Djinni Fire Elementalist began the quest for
                  | the Orb.
     0 | D:1      | explorer set off with the following spells memorised:
                  | Foxfire, Scorch, Volatile Blastmotes, Inner Flame, Flame
                  | Wave.
     0 | D:1      | Reached XP level 1. HP: 15/15 MP: 0/0
    94 | D:1      | Slain by a ball python

Illustrated notes

Levels and vault maps discovered:
D:1:      minmay_arrival_jagged, layout_basic, nicolae_ecumenical_snake_handling

Action                     || total
---------------------------++-------
  Melee: Dagger            ||    17
   Cast: Foxfire           ||     2
   Stab: Sleeping          ||     1
 Armour: Robe              ||     4
  Dodge: Dodged            ||    21
